 Dungeon Crawl Stone Soup version 0.29-a0-330-g52719c12eb (webtiles) character file.

Game seed: 1193034881205605199

366 dohliylev the Ruffian (level 6, -2/59 HPs)
             Began as a Troll Warper on May 11, 2022.
             Slain by a wyvern (17 damage)
             ... on level 3 of the Dungeon.
             The game lasted 00:04:20 (2763 turns).

dohliylev the Ruffian (Troll Warper)                Turns: 2763, Time: 00:04:21

Health: -2/59      AC:  4    Str: 22    XL:     6   Next: 40%
Magic:  4/7        EV: 10    Int:  9    God:
Gold:   131        SH:  0    Dex:  9    Spells: 6/8 levels left

rFire   . . .      SeeInvis .     - Unarmed
rCold   + . .      Faith    .   (no shield)
rNeg    . . .      Spirit   .   a - +0 robe
rPois   .          Reflect  .   (helmet restricted)
rElec   .          Harm     .   j - scarf {repulsion}
rCorr   .          Rampage  .   (gloves unavailable)
Will    .....                   (boots unavailable)
Stlth   +.........              (no amulet)
HPRegen 0.99/turn               d - ring of protection from cold
MPRegen 0.10/turn               (no ring)

@: repel missiles
A: large, unfitting armour, claws 3, regeneration 1, shaggy fur 1, tough skin 1
a: no special abilities


You were on level 3 of the Dungeon.
You visited 1 branch of the dungeon, and saw 4 of its levels.

You collected 131 gold pieces.

Inventory:

Missiles
 c - 7 boomerangs of dispersal
 e - 6 boomerangs (quivered)
Armour
 a - a +0 robe (worn)
 j - a scarf of repulsion (worn)
Jewellery
 d - a ring of protection from cold (left claw)
Wands
 p - a wand of polymorph (8)
 w - a wand of acid (9)
Scrolls
 b - a scroll of blinking
 f - a scroll of fear {unknown}
 g - 5 scrolls of magic mapping {unknown}
 i - 2 scrolls of vulnerability {unknown}
 k - 3 scrolls of enchant weapon {unknown}
 l - 2 scrolls of torment {unknown}
 n - a scroll of holy word {unknown}
 o - 5 scrolls of identify {unknown}
 q - a scroll of teleportation {unknown}
 v - a scroll of enchant armour {unknown}
 x - 3 scrolls of amnesia {unknown}
Potions
 h - 3 potions of curing {unknown}
 m - a potion of lignification {unknown}
 r - a potion of degeneration {unknown}
 s - a potion of brilliance {unknown}
 t - a potion of flight {unknown}
 u - a potion of mutation {unknown}
 z - a potion of might {unknown}


   Skills:
 + Level 2.4 Fighting
 + Level 1.1 Throwing
 + Level 3.2 Dodging
 + Level 4.6 Unarmed Combat
 + Level 1.5 Spellcasting
 + Level 2.8 Translocations


You had 6 spell levels left.
You knew the following spells:

 Your Spells              Type           Power      Damage    Failure   Level
a - Blink                 Tloc           10%        N/A       16%         2

Your spell library contained the following spells:

 Spells                   Type           Power      Damage    Failure   Level
 Gell's Gravitas          Tloc           5%         N/A       32%         3
 Lesser Beckoning         Tloc           5%         N/A       32%         3
 Teleport Other           Tloc           5%         N/A       32%         3
 Summon Small Mammal      Summ           0%         N/A       34%         1
 Call Canine Familiar     Summ           0%         N/A       71%         3
 Summon Guardian Golem    Hex/Summ       0%         N/A       71%         3
 Manifold Assault         Tloc           5%         N/A       96%         5


Dungeon Overview and Level Annotations

Branches:
Dungeon (4/15)
 Temple: D:4-7

Altars:
Elyvilon
Okawaru
Xom

Shops:
D:2 (

Annotations:
D:4 Menkaure


Innate Abilities, Weirdness & Mutations

You are too large for most types of armour.
You have claws for hands.
Your natural rate of healing is unusually fast.
You are covered in fur. (AC +1)
You have tough skin. (AC +1)


Message History

Menkaure seems to speed up.
The wyvern hisses angrily.
The wyvern misses you. The wyvern attacks as you move away!
The wyvern bites you. x2
Menkaure calls on the powers of darkness!
The wyvern convulses!
Your body is wracked with pain!
Menkaure rustles in an indecipherable tongue.
The wyvern attacks as you move away! The wyvern completely misses you.
The wyvern barely misses you. The wyvern barely misses you.
The wyvern hisses menacingly.
The wyvern barely misses you.
Menkaure rustles in an indecipherable tongue.
The wyvern bites you but does no damage.
The wyvern barely misses you.
There is a stone staircase leading up here.
The wyvern closely misses you. The wyvern bites you!
You climb upwards.
There is a stone staircase leading down here.
Casting: Blink (safe; 16% risk of failure)
Confirm with . or Enter, or press ? or * to list all spells.
You miscast Blink.
You are very lightly contaminated with residual magic.
Nothing appears to happen.
The wyvern bites you.
Unknown command.
Casting: Blink (safe; 16% risk of failure)
Confirm with . or Enter, or press ? or * to list all spells.
You blink.
The wyvern barely misses you. The wyvern attacks as you move away!
The wyvern bites you!
* * * LOW HITPOINT WARNING * * *
The wyvern barely misses you. The wyvern misses you.
You feel stable enough to blink again. The wyvern bites you.
* * * LOW HITPOINT WARNING * * *
Your magical contamination has completely faded away.
The wyvern completely misses you.
There is a stone staircase leading up, spattered with blood here.
The wyvern bites you!
You die...

.# #...#.##.# #.#'' .#
######.....##.# #.#.. .#
##.......##.##.# ###.'.P
.###...####.......# ###(..'.P
.##.....######.#### #...#.'.P
.#.......#####.#### #.#...#..
...........(......### #.###.#''
##.......#.....))...#####.###.#..
###.[...##.....l@.#.##.#...####._
.###...##....>...)......#.#.###..
...#>.............#.......##.####
...#..##..........#............).
##.........................#.####
#..#[.##....###.###.......#.##
................###........##
##.######...............#.## ##.#
##############.####


You could see a wyvern.

Vanquished Creatures
  Sigmund (D:2)
  A kobold brigand (D:4)
  A jelly (D:4)
  An adder (D:4)
  4 gnolls
  A worm (D:2)
  2 dart slugs (D:3)
  2 ball pythons
  3 endoplasms (D:2)
  2 giant cockroaches
  6 goblins
  4 hobgoblins
  9 jackals
  3 kobolds
  A quokka (D:1)
  3 bats (D:2)
  3 frilled lizards
  4 rats
51 creatures vanquished.

Notes
Turn   | Place    | Note
-------+----------+-------------------------------------------
     0 | D:1      | dohliylev the Troll Warper began the quest for the Orb.
     0 | D:1      | Reached XP level 1. HP: 19/19 MP: 1/1
   181 | D:1      | Reached XP level 2. HP: 27/27 MP: 2/2
   193 | D:1      | Found a faded altar of an unknown god.
   910 | D:2      | Reached XP level 3. HP: 35/35 MP: 4/4
  1030 | D:2      | Found Cos Deapp's Antique Weapon Shop.
  1161 | D:2      | Noticed Sigmund
  1179 | D:2      | HP: 1/35 [something (2)]
  1235 | D:2      | Killed Sigmund
  1236 | D:2      | Reached skill level 3 in Unarmed Combat
  1236 | D:2      | Reached XP level 4. HP: 39/42 MP: 5/5
  1236 | D:2      | Reached XP level 5. HP: 46/49 MP: 6/6
  1266 | D:2      | Found a shimmering altar of Xom.
  1536 | D:2      | HP: 2/49 [gnoll/+0 flail (8)]
  1538 | D:2      | Reached skill level 4 in Unarmed Combat
  2108 | D:3      | Found a white marble altar of Elyvilon.
  2113 | D:3      | Found an iron altar of Okawaru.
  2309 | D:4      | Learned a level 2 spell: Blink
  2358 | D:4      | Reached XP level 6. HP: 59/59 MP: 7/7
  2536 | D:4      | Reached skill level 1 in Throwing
  2730 | D:4      | Noticed Menkaure
  2730 | D:4      | Noticed a wyvern
  2763 | D:3      | Slain by a wyvern

Illustrated notes

Levels and vault maps discovered:
D:1:      dpeg_arrival_yet_another_circle, layout_basic,
          ebering_ecumenical_altar_mist
D:2:      layout_basic, serial_shops, shop, basic_altar, minmay_pentomino_p4,
          uniq_sigmund
D:3:      layout_loops_ring, mainiacjoe_overflow_big_doors
D:4:      layout_layer_cave, serial_shops, shop, kennysheep_big_empty_room,
          kennysheep_orc_chapel, uniq_menkaure

Skill      XL: |  1  2  3  4  5  6 |
---------------+-------------------+-----
Dodging        | 2 3 |  3.2
Fighting       | 2 |  2.4
Unarmed Combat | 3 4 |  4.6
Throwing       | 1 |  1.1
Spellcasting   | |  1.5
Translocations | |  2.8

Action                   |  1- 3 |  4- 6 || total
-------------------------+-------+-------++-------
Melee: Unarmed           |    92 |    72 ||   164
       Punch             |     1 |     1 ||     2
Throw: Boomerang         |       |    13 ||    13
 Cast: Blink             |       |     4 ||     4
Armor: Robe              |    35 |    15 ||    50
Dodge: Dodged            |    54 |    52 ||   106

Table legend: (Time is in decaauts)
 A = Elapsed time spent in this place.
 B = Non-inter-level travel time spent in this place.
 C = Inter-level travel time spent in this place.
 D = Time resting spent in this place.
 E = Time spent auto-exploring this place.
 F = Levels seen in this place.
 G = Mean time per level.
                   A        B        C        D        E       F      G
               +--------+--------+--------+--------+--------+-----+--------+
         Total |   2758 |   2667 |     91 |    213 |   1993 |   4 |  689.5 |
       Dungeon |   2758 |   2667 |     91 |    213 |   1993 |   4 |  689.5 |
               +--------+--------+--------+--------+--------+-----+--------+

Top non-repeatable levels by time:
     D:1: 865 daAuts
     D:2: 724 daAuts
     D:3: 720 daAuts
     D:4: 447 daAuts
